 Dungeon Crawl Stone Soup version 0.27-a0-836-gfc908b8576 (webtiles) character file.

Game seed: 8229835475826076047

45 Aviak the Skirmisher (level 3, 0/30 HPs)
             Began as a Djinni Monk on Mar 31, 2021.
             Slain by Sigmund
             ... wielding a +0 scythe
              (7 damage)
             ... on level 2 of the Dungeon.
             The game lasted 00:03:09 (1505 turns).

Aviak the Skirmisher (Djinni Monk)                  Turns: 1505, Time: 00:03:09

Health: 0/30       AC:  3    Str: 10    XL:     3   Next: 64%
Gold:   58         EV: 13    Int: 12    God:
                   SH:  0    Dex: 15

rFire    + + .     SeeInvis .   a - +0 falchion
rCold    x . .     Faith    .   (no shield)
rNeg     . . .     Spirit   .   b - +0 robe
rPois    ∞         Reflect  .   g - +0 helmet
rElec    .         Harm     .   (no cloak)
rCorr    +         Rampage  .   (no gloves)
Will     .....                  (boots unavailable)
Stlth    +.........             (no amulet)
HPRegen  0.10/turn              d - ring of resist corrosion
MPRegen  0.00/turn              (no ring)

@: silenced, flying
A: fire resistance 2, cold vulnerability 1, float, innate caster, hp casting,
extra vitality 1
a: no special abilities


You were on level 2 of the Dungeon.
You visited 1 branch of the dungeon, and saw 2 of its levels.

You collected 58 gold pieces.

Inventory:

Hand Weapons
 a - a +0 falchion (weapon)
Armour
 b - a +0 robe (worn)
 g - a +0 helmet (worn)
Jewellery
 d - a ring of resist corrosion (left hand)
Scrolls
 f - 2 scrolls of silence {!r}
 i - a scroll of identify


   Skills:
 + Level 3.5 Fighting
 + Level 3.2 Long Blades
 - Level 3.3 Dodging
 - Level 1.5 Stealth
 + Level 1.2 Spellcasting


You had 3 spell levels left.
You knew the following spells:

 Your Spells              Type           Power      Damage    Failure   Level
a - Shock                 Conj/Air       12%        1d3       19%         1
Your spell library was empty.

Dungeon Overview and Level Annotations

Branches:
Dungeon (2/15)

Altars:

Shops:
D:1 =*=!?

Annotations:
D:2 Sigmund


Innate Abilities, Weirdness & Mutations

You are immune to poison.
Your flesh is very heat resistant. (rF++)
You are vulnerable to cold. (rC-)
You float through the air rather than walking.
You learn spells naturally, not from books.
Your magical power is your life essence.
You have superior vitality. (+4 HP)


Message History

Aiming: Shock (safe; 19% risk of failure)
Press: ? - help, Shift-Dir - straight line The zap misses Sigmund.
The zap hits Sigmund.
Sigmund is lightly wounded.
Sigmund casts a spell at you. The puff of flame hits you. You resist.
As you read the scroll labelled MESKIJUMIU, it crumbles to dust.
It is a scroll of identify.
f - 3 scrolls of silence;
i - a scroll of identify Sigmund misses you.
As you read the scroll labelled OTHROX XASAEDA, it crumbles to dust.
You hear a loud clanging noise!
It was a scroll of noise.
Sigmund gestures at you while chanting.
You are confused.
You are too confused!
You are too confused!
You aren't carrying any potions.
Sigmund hits you but does no damage.
You bump into the rock wall.
Sigmund completely misses you.
You bump into the rock wall.
Sigmund gestures at himself while chanting.
Sigmund flickers and vanishes!
Deactivating autopickup; reactivate with Ctrl-A.
You completely miss something. Something hits you!
* * * LOW HITPOINT WARNING * * *
Unknown command.
Unknown command.
You feel less confused.
You hear some strange, mumbled words.
A puff of flame appears from out of thin air!
The puff of flame hits you. You resist.
* * * LOW HITPOINT WARNING * * *
Unknown command.
You aren't carrying any items that you can evoke.
Okay, then.
Really read
f - 3 scrolls of silence {!r}?
As you read the scroll of silence {!r}, it crumbles to dust.
A profound silence engulfs you. Something hits you!
You die...

.###.##....###.###).§§§...#.#....
.###..........#...§§≈§§≈.........
..#####...##.##..§≈§§≈≈##...#####
...# #...###...§≈§#####.##..#
..## #...# ##.≈≈§≈#.##.## ≈....
.######(..# #..≈≈≈≈#...## ..>.#
..............§≈≈≈≈#.### ≈...#
..............######.# ...#
................@.{g.# ...#
.######...###.######.# .# ..# #.
#.##### ## .# #g....# # #.#..##
###.#g# ### .. .# #


You could see a hobgoblin.

Vanquished Creatures
  A worm (D:2)
  2 dart slugs (D:2)
  4 bats
  4 endoplasms
  3 giant cockroaches
  5 goblins
  2 hobgoblins (D:1)
  2 kobolds
  6 ball pythons
  4 frilled lizards
33 creatures vanquished.

Notes
Turn   | Place    | Note
-------+----------+-------------------------------------------
     0 | D:1      | Aviak the Djinni Monk began the quest for the Orb.
     0 | D:1      | Reached XP level 1. HP: 20/20 MP: 0/0
   170 | D:1      | Found Tanur's Magic Scroll Shop.
   225 | D:1      | Found Tasaes's Distillery.
   291 | D:1      | Reached XP level 2. HP: 24/25 MP: 0/0
   366 | D:1      | Found Buyxatu's General Store.
   394 | D:1      | Found Poudor's Jewellery Shop.
   830 | D:1      | Reached XP level 3. HP: 30/30 MP: 0/0
   830 | D:1      | Learned a level 1 spell: Shock
   874 | D:1      | Reached skill level 1 in Spellcasting
  1011 | D:1      | Found Jeli's Jewellery Shoppe.
  1480 | D:2      | Noticed Sigmund
  1505 | D:2      | Slain by Sigmund

Illustrated notes

Levels and vault maps discovered:
D:1:      elethiomel_arrival_infinity_welcomes_careful_drivers, layout_basic,
          serial_shops, shop, shop, nicolae_shop_waterfront,
          nicolae_shop_waterfront, shop, minmay_misc_feat_pillars
D:2:      layout_loops_cross, grunt_decor_junction, uniq_sigmund

Skill      XL: |  1  2  3 |
---------------+----------+-----
Long Blades    | 3 |  3.2
Spellcasting   | 1 |  1.2
Fighting       | |  3.5
Dodging        | |  3.3
Stealth        | |  1.5

Action                   || total
-------------------------++-------
Melee: Falchion          ||    80
 Cast: Shock             ||    11
  Use: Scroll            ||     3
       Potion            ||     2
 Stab: Sleeping          ||     5
Armor: Robe              ||    21
Dodge: Dodged            ||    65
       Rpst.: Falchion   ||    21

Table legend: (Time is in decaauts)
 A = Elapsed time spent in this place.
 B = Non-inter-level travel time spent in this place.
 C = Inter-level travel time spent in this place.
 D = Time resting spent in this place.
 E = Time spent auto-exploring this place.
 F = Levels seen in this place.
 G = Mean time per level.
                   A        B        C        D        E       F      G
               +--------+--------+--------+--------+--------+-----+--------+
         Total |   1516 |   1474 |     42 |      0 |   1201 |   2 |  758.0 |
       Dungeon |   1516 |   1474 |     42 |      0 |   1201 |   2 |  758.0 |
               +--------+--------+--------+--------+--------+-----+--------+

Top non-repeatable levels by time:
     D:1: 1151 daAuts
     D:2: 365 daAuts
